 Dungeon Crawl Stone Soup version 0.31-a0-1499-ge0622b2318 (webtiles) character file.

Game seed: 16875677557144234036

462 zerowinglad the Slasher (level 6, -2/49 HPs)
             Began as a Demonspawn Gladiator on Dec 30, 2023.
             Slain by an orc wizard
             ... wielding a +0 dagger of venom
              (3 damage)
             ... on level 3 of the Dungeon.
             The game lasted 00:07:48 (4335 turns).

zerowinglad the Slasher (Demonspawn Gladiator)      Turns: 4335, Time: 00:07:49

Health: -2/49      AC:  5    Str: 12 (14) XL:     6   Next: 79%
Magic:  6/6        EV: 12    Int:  7 (9)  God:
Gold:   114        SH:  0    Dex: 13 (16) Spells: 5/5 levels left

rFire   . . .        a - +0 long sword
rCold   . . .        (no shield)
rNeg    . . .        b - +0 leather armour
rPois   .            (helmet restricted)
rElec   .            h - +0 cloak
rCorr   .            (no gloves)
SInv    .            (no boots)
Will    .....        (no amulet)
Stlth   +            (no ring)
HPRegen 0.28/turn    (no ring)
MPRegen 0.10/turn

%: no passive effects
@: lethally poisoned (-2 -> -13)
A: antennae 1, sharp scales 1
a: no special abilities


You were on level 3 of the Dungeon.
You visited 1 branch of the dungeon, and saw 3 of its levels.

You collected 114 gold pieces.

Inventory:

Hand Weapons
 a - a +0 long sword (weapon)
Missiles
 d - 3 throwing nets
 e - 6 boomerangs (quivered)
Armour
 b - a +0 leather armour (worn)
 c - a +0 helmet
 h - a +0 cloak (worn)
Scrolls
 f - a scroll of noise
Potions
 j - a potion of might
 l - a potion of curing {unknown}
 m - a potion of heal wounds {unknown}


   Skills:
 + Level 4.4 Fighting
 * Level 5.9 Long Blades
 - Level 1.7 Throwing
 + Level 3.0 Dodging


You had 5 spell levels left.
You didn't know any spells.
Your spell library was empty.

Dungeon Overview and Level Annotations

Branches:
Dungeon (3/15)

Altars:
Qazlal

Shops:
D:1 *   D:3 *=


Innate Abilities, Weirdness & Mutations

You have a pair of small antennae on your head.
You are partially covered in razor-sharp scales. (AC +1, Slay +1)


Message History

The hobgoblin misses you.
You slash the hobgoblin!
You kill the hobgoblin!
You feel sick. Something hits you.
You are more poisoned.
Something barely misses you.
Your Dodging skill increases to level 3!
You slash the orc!
You kill the orc!
You feel sick. Something hits you but does no damage.
You are more poisoned.
You feel very sick. Something hits you but does no damage.
You are lethally poisoned!
Items here: $ ( ))) [ ††.
* * * LOW HITPOINT WARNING * * *
You feel very sick. Something hits you.
* * * LOW HITPOINT WARNING * * *
You see here a +0 dagger.
There is a lethal amount of poison in your body!
There is a lethal amount of poison in your body!
There is a lethal amount of poison in your body!
Search for what [Enter for "blad", or ? for help]? cure Can't find anything matching that.
It was a potion of degeneration.
There was something very wrong with that liquid.
You feel weakened.
You feel dopey.
You feel clumsy.
* * * LOW HITPOINT WARNING * * *
You feel very sick. Something hits you.
* * * LOW HITPOINT WARNING * * *
* * * LOW HITPOINT WARNING * * *
You feel very sick. Something hits you but does no damage.
You are more poisoned.
* * * LOW HITPOINT WARNING * * *
You feel very sick. Something hits you.
You die...

.........####o..##########....###
........†o)..._.............###
........o####...####.......##
..)......# ##.## ####...##
.........# #.# #.##...#
........o# #.# #..#..##
........<#####.### ##....#
#.....#.....#..#.###.....##
############# ##@$........#
.∩......{##......#
.........##.........
.........##.........
..........#....###...
##.#...........# ...
#....#'#......# ##..⌠#+#⌠.....#


There were no monsters in sight!

Vanquished Creatures
  Sigmund (D:2)
  An orc priest (D:3)
  Natasha (twice) (D:2)
  An orc wizard (D:3)
  7 gnolls (D:2)
  3 adders
  A ribbon worm (D:2)
  4 dart slugs
  7 orcs
  5 endoplasms
  4 giant cockroaches
  6 goblins
  9 hobgoblins
  4 quokkas
  4 ball pythons
  5 bats
  2 frilled lizards (D:1)
  A kobold (D:2)
  6 rats
73 creatures vanquished.

Notes
Turn   | Place    | Note
-------+----------+-------------------------------------------
     0 | D:1      | zerowinglad the Demonspawn Gladiator began the quest for
                  | the Orb.
     0 | D:1      | Reached XP level 1. HP: 16/16 MP: 1/1
   134 | D:1      | Reached skill level 3 in Long Blades
   148 | D:1      | Gained mutation: You are partially covered in razor-sharp
                  | scales. (AC +1, Slay +1) [demonic ancestry]
   148 | D:1      | Reached XP level 2. HP: 22/22 MP: 2/2
   344 | D:1      | Found Atziecaa's Assorted Antiques.
   760 | D:1      | Reached XP level 3. HP: 28/28 MP: 3/3
   831 | D:2      | Noticed Natasha
   839 | D:2      | Killed Natasha
   865 | D:2      | Found a faded altar of an unknown god.
   884 | D:2      | Noticed Sigmund
   910 | D:2      | Killed Sigmund
   911 | D:2      | Reached skill level 5 in Long Blades
   911 | D:2      | Gained mutation: You have a pair of small antennae on your
                  | head. [demonic ancestry]
   911 | D:2      | Reached XP level 4. HP: 19/37 MP: 4/4
   911 | D:2      | Reached XP level 5. HP: 22/42 MP: 5/5
  1400 | D:2      | Reached XP level 6. HP: 41/48 MP: 6/6
  1791 | D:2      | Noticed Natasha
  1806 | D:2      | Killed Natasha
  3024 | D:3      | Found a stormy altar of Qazlal.
  4187 | D:3      | Found the +1 Delatra's gloves {ID++}
  4266 | D:3      | Found Yqaz's Jewellery Boutique.
  4317 | D:3      | Found Roliu's General Store.
  4335 | D:3      | HP: 1/49 [poisoned by an orc wizard]
  4335 | D:3      | Slain by an orc wizard

Illustrated notes

Levels and vault maps discovered:
D:1:      lightli_arrival_statuegarden, layout_basic, serial_shops,
          nicolae_shop_back_alley_shop, palyth_stone_intersect
D:2:      layout_rooms, basic_ecumenical_altar, st_stairs_13, uniq_natasha,
          uniq_sigmund
D:3:      layout_rooms, nicolae_overflow_crystal_walls, serial_shops, shop,
          nicolae_shop_rolling_square, nicolae_shop_gaudy_bauble,
          nicolae_shop_waterfront, nicolae_shop_real_fake_doors,
          hangedman_decor_growths, pf_guarded_unrand_delatra,
          uniq_crazy_yiuf_cottage

Skill      XL: |  1  2  3  4  5  6 |
---------------+-------------------+-----
Long Blades    | 3 5 |  5.9
Fighting       | 3 4 |  4.4
Dodging        | 3 |  3.0
Throwing       | |  1.7

Action                     |  1- 3 |  4- 6 || total
---------------------------+-------+-------++-------
  Melee: Long sword        |    79 |   131 ||   210
         Punch             |       |     1 ||     1
  Throw: Javelin           |     1 |       ||     1
         Boomerang         |       |    14 ||    14
    Use: Scroll            |       |     4 ||     4
         Potion            |       |     1 ||     1
 Armour: Leather armour    |    39 |   121 ||   160
  Dodge: Dodged            |    65 |   113 ||   178

Table legend: (Time is in decaauts)
 A = Elapsed time spent in this place.
 B = Non-inter-level travel time spent in this place.
 C = Inter-level travel time spent in this place.
 D = Time resting spent in this place.
 E = Time spent auto-exploring this place.
 F = Levels seen in this place.
 G = Mean time per level.
                   A        B        C        D        E       F      G
               +--------+--------+--------+--------+--------+-----+--------+
         Total |   4394 |   4288 |    106 |   2299 |   1383 |   3 | 1464.7 |
       Dungeon |   4394 |   4288 |    106 |   2299 |   1383 |   3 | 1464.7 |
               +--------+--------+--------+--------+--------+-----+--------+

Top non-repeatable levels by time:
     D:2: 2396 daAuts
     D:1: 1373 daAuts
     D:3: 624 daAuts
